 Dungeon Crawl Stone Soup version 0.19-a0-1050-g8e71ee3 (webtiles) character file.

33 Rome the Shooter (level 3, 0/29 HPs)
             Began as a Centaur Hunter on Aug 1, 2016.
             Succumbed to an adder's poison
             ... on level 1 of the Dungeon.
             The game lasted 00:08:12 (1692 turns).

Rome the Shooter (Centaur Hunter)                   Turns: 1692, Time: 00:08:12

Health: 0/29       AC:  4    Str: 15    XL:     3   Next: 12%
Magic:  3/3        EV:  9    Int: 10    God:
Gold:   83         SH:  0    Dex:  9    Spells: 0 memorised, 2 levels left

rFire  . . .     SeeInvis .     b - +0 short sword
rCold  . . .     Gourm    .     c - +0 leather armour
rNeg   . . .     Faith    .     (no shield)
rPois  .         Spirit   .     (no helmet)
rElec  .         Dismiss  .     (no cloak)
rCorr  .         Reflect  .     (no gloves)
SustAt .         Harm     .     (no barding)
MR     .....                    (no amulet)
Stlth  +.........               (no ring)
                                (no ring)

@: lethally poisoned (0 -> -30), very quick, not resistant to hostile
enchantments, very unstealthy
A: hooves 3, deformed body, speed 2, tough skin 3
a: no special abilities


You were on level 1 of the Dungeon.
You were not hungry.

You visited 1 branch of the dungeon, and saw 2 of its levels.

You collected 83 gold pieces.

Inventory:

Hand Weapons
 a - a +1 shortbow
 b - a +0 short sword (weapon)
Missiles
 d - 15 arrows
 j - a javelin (quivered)
 p - 42 bolts
Armour
 c - a +0 leather armour (worn)
Scrolls
 e - a scroll of random uselessness {unknown}
 h - a scroll of identify {unknown}
 k - a scroll of remove curse {unknown}
 o - a scroll of enchant weapon {unknown}
Potions
 g - a potion of heal wounds {unknown}
 i - a potion of curing {unknown}
 n - a potion of lignification {unknown}
Comestibles
 l - a beef jerky
 m - a meat ration


   Skills:
 + Level 2.2 Fighting
 + Level 6.2 Bows
 + Level 0.2 Armour
 + Level 1.6 Dodging
 + Level 0.6 Stealth


You had 2 spell levels left.
You didn't know any spells.

Dungeon Overview and Level Annotations

Branches:
Dungeon (2/15)

Altars:
Xom


Innate Abilities, Weirdness & Mutations

You have hooves in place of feet.
Armour fits poorly on your strangely shaped body.
You cover ground very quickly.
You have extremely tough skin. (AC +3)


Message History

Something hits the plant but does no damage.
The adder bites you.
* * * LOW HITPOINT WARNING * * *
You are more poisoned.
The adder poisons you!
Throwing (i - inventory):
j - 3 javelins (quivered)
Press: ? - help, Shift-Dir - straight line, f/p - adder
Aim: an adder (heavily wounded)
You throw a javelin. The javelin barely misses the adder.
* * * LOW HITPOINT WARNING * * *
You feel very sick. The adder barely misses you. The adder bites you.
* * * LOW HITPOINT WARNING * * *
You are more poisoned.
The adder poisons you!
Throwing (i - inventory):
j - 2 javelins (quivered)
Press: ? - help, Shift-Dir - straight line, f/p - adder
Aim: an adder (heavily wounded)
You throw a javelin. The javelin closely misses the adder.
You die... ..# #.#.# #.# #.PPP♣PPPP♣P..P

### #.#.# #.# #.P...♣.PPPPPP.
#.#.# #.# ♣P♣.♣♣PPP..♣.P
####.#.######.####♣...P....PPP.P
#................#.PPKPPPPPP..♣
#.##..#.########.###############
##.##..#.# ##.(..............
.......#.# #.S........<......
##.###.#.# #@................
.#.###.#.# #...#####.########
.......#.# ##### #.........
...#####.# ########## ..## #.#
..# #.# #.# ##.# #.#####..#
.........#


You could see an adder.

Vanquished Creatures
  An adder (D:2)
  2 dart slugs (D:1)
  A giant cockroach (D:1)
  2 goblins (D:1)
  3 kobolds (D:1)
  A bat (D:1)
  4 giant newts
  10 rats
24 creatures vanquished.

Notes
Turn   | Place    | Note
-------+----------+-------------------------------------------
     0 | D:1      | Rome the Centaur Hunter began the quest for the Orb.
     0 | D:1      | Reached XP level 1. HP: 17/17 MP: 1/1
   136 | D:1      | Reached XP level 2. HP: 17/24 MP: 2/2
   348 | D:1      | Reached skill level 6 in Bows
   587 | D:1      | Found a shimmering altar of Xom.
  1095 | D:2      | Reached XP level 3. HP: 13/29 MP: 3/3
  1692 | D:1      | Succumbed to an adder's poison

Vault maps used:
D:1:      minmay_arrival_arboretum_small, xom_teletrap_fun
D:2:      grunt_temple_overflow_growth_and_decay

Skill      XL: |  1  2 |
---------------+-------+-----
Bows           | 6 |  6.2
Fighting       | |  2.2
Armour         | |  0.2
Dodging        | |  1.6
Stealth        | |  0.6

Action                   || total
-------------------------++-------
Melee: Short sword       ||    51
       Shortbow          ||    13
       Kick              ||    12
 Fire: Shortbow          ||    36
Throw: Javelin           ||     8
  Eat: Bread ration      ||     1
Armor: Leather armour    ||    25
Dodge: Dodged            ||    41
